 Dungeon Crawl Stone Soup version 0.28-a0-1117-g0bdd5ba030 (webtiles) character file.

Game seed: 9283438931695523839

2963 browni3141 the Tainter (level 9, -3/94 HPs)
             Began as an Octopode Venom Mage on Dec 12, 2021.
             Was an Initiate of Gozag.
             Slain by a centaur warrior zombie (5 damage)
             ... on level 8 of the Dungeon.
             The game lasted 00:20:29 (10295 turns).

browni3141 the Tainter (Octopode Venom Mage)       Turns: 10295, Time: 00:20:29

Health: -3/94      AC: 24    Str:  8    XL:     9   Next: 81%
Magic:  13/13      EV:  2    Int: 19    God:    Gozag
Gold:   524        SH:  0    Dex: 14    Spells: 4/14 levels left

rFire   . . .      SeeInvis .   o - +1 demon blade (freeze)
rCold   . . .      Faith    .   (no shield)
rNeg    . . .      Spirit   .   (helmet currently unavailable)
rPois   +          Reflect  .   (no amulet)
rElec   .          Harm     .   (no ring)
rCorr   .          Rampage  .   (no ring)
Will    .....      NoTele   +   (no ring)
Stlth   ++........              (no ring)
HPRegen 0.25/turn               (no ring)
MPRegen 0.13/turn               (no ring)
                                (no ring)
                                (no ring)

@: tree-form, gold aura
A: stationary, stasis, torment immunity, boosted hp, almost no armour,
(amphibious), 8 rings, (camouflage 1), (gelatinous body 1), (nimble swimmer 1),
(tentacles)
a: Renounce Religion, Potion Petition, Call Merchant, Bribe Branch


You were on level 8 of the Dungeon.
You worshipped Gozag.
Gozag was pleased with you.
You were a tree.
You visited 2 branches of the dungeon, and saw 9 of its levels.

You collected 588 gold pieces.
You paid 64 gold pieces to Gozag.

Inventory:

Hand Weapons
 f - the +5 great sword "Fooxt" {vorpal, rPois Dex+2 SInv}
   (You found it on level 6 of the Dungeon)

   It inflicts extra damage upon your enemies.
   Dex:       It affects your dexterity (+2).
   rPois:     It protects you from poison.
   SInv:      It lets you see invisible.
 o - a +1 demon blade of freezing (weapon)
Missiles
 c - 4 silver javelins
 m - 20 poisoned darts
Armour
 x - a +0 kite shield
Jewellery
 b - an amulet of reflection
Wands
 i - a wand of digging (5)
 q - a wand of mindburst (3)
Scrolls
 a - 3 scrolls of noise
 g - 2 scrolls of vulnerability
 h - 3 scrolls of fear
 j - 4 scrolls of teleportation
 l - a scroll of fog
 n - 3 scrolls of silence
 t - a scroll of blinking {unknown}
 u - a scroll of amnesia {unknown}
 w - a scroll of enchant weapon {unknown}
Potions
 e - 2 potions of degeneration {unknown}
 k - a potion of mutation {unknown}
 p - a potion of berserk rage {unknown}
 r - 2 potions of flight {unknown}
 v - a potion of brilliance {unknown}


   Skills:
 * Level 6.4 Fighting
 * Level 5.8 Long Blades
 * Level 6.8 Dodging
 - Level 2.6 Stealth
 * Level 1.3 Shields
 - Level 3.0 Spellcasting
 - Level 2.0 Conjurations
 - Level 1.0 Transmutations
 - Level 2.0 Air Magic
 - Level 8.0 Poison Magic


You had 4 spell levels left.
You knew the following spells:

 Your Spells              Type           Power      Damage    Failure   Level
a - Sting                 Tmut/Pois      76%        1d6       2%          1
b - Poisonous Vapours     Pois/Air       42%        N/A       3%          2
c - Mephitic Cloud        Conj/Pois/Air  18%        N/A       9%          3
d - Olgreb's Toxic Radia  Pois           33%        N/A       5%          4

Your spell library contained the following spells:

 Spells                   Type           Power      Damage    Failure   Level
 Animate Skeleton         Necr           4%         N/A       16%         1
 Apportation              Tloc           4%         N/A       16%         1
 Summon Small Mammal      Summ           8%         N/A       16%         1
 Corpse Rot               Necr/Air       12%        N/A       16%         2
 Animate Dead             Necr           1%         N/A       83%         4
 Borgnjor's Vile Clutch   Necr/Erth      1%         N/A       99%         5
 Death Channel            Necr           1%         N/A       100%        6


Dungeon Overview and Level Annotations

Branches:
Dungeon (8/15)             Temple (1/1) D:6
   Lair: D:8-11

Altars:
Ashenzari
Cheibriados
Dithmenos
Elyvilon
Gozag
Hepliaklqana
Kikubaaqudgha
Makhleb
Nemelex Xobeh
Okawaru
Qazlal
Ru
Trog
Uskayaw
Vehumet
Wu Jian
Xom
Yredelemnul
Zin
The Shining One

Shops:
D:3 (   D:4 *(


Innate Abilities, Weirdness & Mutations

You are a tree.
Your roots penetrate the ground, keeping you stationary.
You cannot be teleported.
You are immune to unholy pain and torment.
Your maximum health is greatly increased.
You cannot wear most types of armour.
((You are amphibious.))
You can wear up to eight rings at the same time.
((Your skin changes colour to match your surroundings (Stealth+).))
((Your rubbery body absorbs attacks. (AC +1, EV +1)))
((You are camouflaged near water. (Stealth+)))
((You have tentacles for arms and can constrict up to eight enemies at once.))


Message History

You slash the sky beast! You freeze the sky beast.
The sky beast is almost dead.
Unknown command.
You slash the sky beast! You freeze the sky beast.
You kill the sky beast!
Unknown command.
You slash the centaur warrior zombie! You freeze the centaur warrior zombie.
The centaur warrior zombie is heavily damaged.
The centaur warrior zombie hits you!
* * * LOW HITPOINT WARNING * * *
The centaur warrior zombie kicks you but does no damage.
You hit the centaur warrior zombie.
The centaur warrior zombie is heavily damaged.
The centaur warrior zombie hits you but does no damage.
The centaur warrior zombie kicks you but does no damage.
The centaur warrior zombie hits you but does no damage.
The centaur warrior zombie kicks you but does no damage.
You hit the centaur warrior zombie.
The centaur warrior zombie is heavily damaged.
The centaur warrior zombie hits you but does no damage.
The centaur warrior zombie kicks you but does no damage.
You hit the centaur warrior zombie.
The centaur warrior zombie is heavily damaged.
The centaur warrior zombie hits you.
* * * LOW HITPOINT WARNING * * *
The centaur warrior zombie kicks you.
* * * LOW HITPOINT WARNING * * *
You hit the centaur warrior zombie.
The centaur warrior zombie is heavily damaged.
The centaur warrior zombie is distracted by your dazzling golden aura.
You barely miss the centaur warrior zombie.
The centaur warrior zombie is no longer distracted by gold.
The centaur warrior zombie is heavily damaged.
The centaur warrior zombie hits you but does no damage.
The centaur warrior zombie kicks you but does no damage.
You slash the centaur warrior zombie!
The centaur warrior zombie is severely damaged.
The centaur warrior zombie hits you.
You die...
Your body crumbles into a pile of gold.

............©......
.......####..##
..............##
.......######..#####.#
.........♣ ♣.........#
.)<.....#####..#.#####
..........#......#
......#...#...#..#
.....♣#.._#_..#♣♣#
####.###########Z#
#.♣#.._#_..#♣≈#
#..#...#...#..#
#....(.#......#
#....#####..#.#
####..♣ ♣...#.# ####
###.#.# ..#.#


You could see a centaur warrior zombie.

Vanquished Creatures
  A hydra (D:6)
  Prince Ribbit (D:6)
  2 steam dragons (D:6)
  An orc warrior (D:7)
  2 sky beasts
  An ogre (D:5)
  A necrophage (D:7)
  A centaur (D:6)
  A kobold brigand (D:6)
  2 gnoll sergeants
  A bullfrog (D:3)
  5 scorpions
  A wyvern skeleton (D:7)
  A bullfrog zombie (D:7)
  A hound (D:5)
  3 jellies
  An orc priest (D:7)
  4 iguanas
  A centaur skeleton (D:7)
  Ijyb (D:4)
  7 orc wizards
  A hound skeleton (D:4)
  A hound zombie (D:5)
  5 adders
  7 gnolls
  A shadow imp (D:7)
  An ufetubus (D:6)
  A dart slug (D:3)
  16 orcs
  2 ball pythons
  5 bats
  4 endoplasms
  2 giant cockroaches
  8 goblins
  11 hobgoblins
  8 kobolds
  4 quokkas
  10 frilled lizards
  5 rats
131 creatures vanquished.

Vanquished Creatures (others)
  5 fungi
  7 plants
12 creatures vanquished.

Grand Total: 143 creatures vanquished

Notes
Turn   | Place    | Note
-------+----------+-------------------------------------------
     0 | D:1      | browni3141 the Octopode Venom Mage began the quest for the
                  | Orb.
     0 | D:1      | Reached XP level 1. HP: 11/11 MP: 3/3
   180 | D:1      | Reached skill level 4 in Poison Magic
   351 | D:1      | Reached XP level 2. HP: 17/17 MP: 5/5
   359 | D:1      | Learned a level 2 spell: Poisonous Vapours
  1264 | D:1      | Reached XP level 3. HP: 21/21 MP: 6/6
  1313 | D:1      | Reached skill level 5 in Poison Magic
  2200 | D:2      | Reached XP level 4. HP: 22/27 MP: 0/7
  2285 | D:2      | Learned a level 3 spell: Mephitic Cloud
  3371 | D:3      | Noticed a bullfrog
  3383 | D:3      | Killed a bullfrog
  3384 | D:3      | Reached skill level 1 in Fighting
  3384 | D:3      | Reached skill level 6 in Poison Magic
  3384 | D:3      | Reached XP level 5. HP: 30/33 MP: 0/8
  3795 | D:3      | Found Pismuenk's Weapon Emporium.
  4624 | D:4      | Reached skill level 1 in Conjurations
  4624 | D:4      | Reached skill level 1 in Air Magic
  4641 | D:4      | Reached XP level 6. HP: 27/39 MP: 0/9
  4742 | D:4      | Found Lattak's Overcharged Wands.
  5089 | D:5      | Entered Level 5 of the Dungeon
  5232 | D:5      | Identified the +0 leather armour "Qediydwo" {Str+4}
  5364 | D:5      | Reached XP level 7. HP: 45/45 MP: 4/10
  6007 | D:5      | Reached skill level 1 in Long Blades
  6187 | D:5      | Learned a level 4 spell: Olgreb's Toxic Radiance
  6595 | D:4      | Found a broken altar of Ashenzari.
  6599 | D:4      | Saw a vision of the Shoals and the Snake Pit.
  6599 | D:4      | Noticed a naga ritualist
  6599 | D:4      | Noticed a merfolk
  6599 | D:4      | Noticed a merfolk
  6599 | D:4      | Noticed a merfolk siren
  6599 | D:4      | Noticed a sea snake
  6599 | D:4      | Noticed a merfolk
  6599 | D:4      | Noticed a merfolk siren
  6599 | D:4      | Noticed a shock serpent
  6599 | D:4      | Noticed a black mamba
  6599 | D:4      | Noticed a wind drake
  6599 | D:4      | Noticed a naga ritualist
  6599 | D:4      | Noticed a naga mage
  6599 | D:4      | Noticed a naga sharpshooter
  6599 | D:4      | Noticed a black mamba
  6599 | D:4      | Noticed a merfolk
  6637 | D:4      | Noticed Ijyb
  6650 | D:4      | Killed Ijyb
  6876 | D:4      | Found a burning altar of Makhleb.
  6903 | D:4      | Found Qacuwuo's Antique Weapon Emporium.
  7004 | D:6      | Noticed a steam dragon
  7094 | D:6      | Reached XP level 8. HP: 18/52 MP: 8/12
  7165 | D:6      | Reached skill level 7 in Poison Magic
  7291 | D:6      | Found a staircase to the Ecumenical Temple.
  7300 | Temple   | Entered the Ecumenical Temple
  7378 | Temple   | Became a worshipper of Gozag Ym Sagoz the Greedy
  7639 | D:6      | Noticed Prince Ribbit
  7657 | D:6      | Killed Prince Ribbit
  7963 | D:6      | Identified the +5 great sword "Fooxt" {vorpal, rPois Dex+2
                  | SInv}
  7969 | D:6      | Noticed a four-headed hydra
  7985 | D:6      | Reached skill level 5 in Dodging
  8014 | D:6      | Killed a four-headed hydra
  8015 | D:6      | Reached skill level 5 in Fighting
  8015 | D:6      | Reached skill level 8 in Poison Magic
  8015 | D:6      | Reached XP level 9. HP: 28/61 MP: 8/13
  8418 | D:6      | Reached skill level 5 in Long Blades
  9217 | D:7      | Found an ancient bone altar of Kikubaaqudgha.
 10039 | D:7      | Reached skill level 1 in Shields
 10230 | D:8      | Found a snail-covered altar of Cheibriados.
 10238 | D:8      | Found a glowing silver altar of Zin.
 10259 | D:8      | Found a radiant altar of Vehumet.
 10269 | D:8      | Found a bloodstained altar of Trog.
 10280 | D:8      | HP: 3/63 [centaur warrior zombie (2)]
 10292 | D:8      | HP: 4/94 [centaur warrior zombie (2)]
 10292 | D:8      | HP: 1/94 [centaur warrior zombie (3)]
 10295 | D:8      | Slain by a centaur warrior zombie

Illustrated notes

Levels and vault maps discovered:
D:1:      dpeg_cavernosity, layout_basic
D:2:      layout_basic, hangedman_decor_clover_reticule
D:3:      layout_loops_corners, serial_shops, shop, serial_bayou,
          serial_bayou_shore_b, serial_bayou_shore_a, serial_bayou_shore_b,
          serial_bayou_lake_a, serial_bayou_pond_d
D:4:      layout_rooms, mainiacjoe_overflow_alcove_2, grunt_ashenzari_visionary
          [grunt_ashenzari_visionary_shoals, grunt_ashenzari_visionary_snake],
          serial_shops, shop, serial_bayou_pond_a,
          chequers_serial_rivers_micro_e, nicolae_shop_overcharged_wands,
          uniq_ijyb
D:5:      layout_loops_ring
D:6:      layout_gridville, minmay_temple_entry_overgrown, grunt_ministairs_1,
          uniq_prince_ribbit1
D:7:      layout_basic, mainiacjoe_overflow_boulevard
D:8:      minmay_razor_zed, layout_rooms, mainiacjoe_overflow_catwalk,
          nicolae_overflow_quartered_altars, lemuel_doored_altar,
          lightli_ossuary_entry_decrepit_ruins, gammafunk_ghost_hive,
          grunt_ministairs_7, corexii_checkpoint_b, minmay_tree_intersection,
          nicolae_barding_shop
Temple:   dshaligram_water_room_temple

Skill      XL: |  1  2  3  4  5  6  7  8  9 |
---------------+----------------------------+-----
Poison Magic   | 4 5 6 8 |  8.0
Fighting       | 1 2 3 5 6 |  6.4
Conjurations   | 1 2 |  2.0
Air Magic      | 1 2 |  2.0
Dodging        | 3 4 5 6 |  6.8
Long Blades    | 1 4 5 |  5.8
Spellcasting   | 3 |  3.0
Shields        | 1 |  1.3
Stealth        | |  2.6
Transmutations | |  1.0

Action                   |  1- 3 |  4- 6 |  7- 9 || total
-------------------------+-------+-------+-------++-------
Melee: Unarmed           |    58 |    83 |     7 ||   148
       Constrict         |    18 |    22 |    20 ||    60
       Tentacles         |    11 |    15 |    16 ||    42
       Demon blade       |       |       |    98 ||    98
 Cast: Sting             |    17 |    35 |    36 ||    88
       Poisonous Vapours |     5 |    22 |    29 ||    56
       Mephitic Cloud    |       |     1 |     4 ||     5
       Olgreb's Toxic Ra |       |       |    10 ||    10
Evoke: Wand              |       |       |    16 ||    16
  Use: Potion            |       |       |     6 ||     6
       Scroll            |       |       |     8 ||     8
 Stab: Sleeping          |     9 |     8 |     3 ||    20
       Distracted        |       |       |     1 ||     1
       Confused          |       |       |     1 ||     1
Armor: Skin              |     4 |     9 |    16 ||    29
Dodge: Dodged            |    40 |    46 |   108 ||   194

Table legend: (Time is in decaauts)
 A = Elapsed time spent in this place.
 B = Non-inter-level travel time spent in this place.
 C = Inter-level travel time spent in this place.
 D = Time resting spent in this place.
 E = Time spent auto-exploring this place.
 F = Levels seen in this place.
 G = Mean time per level.
                   A        B        C        D        E       F      G
               +--------+--------+--------+--------+--------+-----+--------+
         Total |  10309 |   9779 |    530 |    927 |   7421 |   9 | 1145.4 |
       Dungeon |  10214 |   9708 |    506 |    927 |   7362 |   8 | 1276.8 |
        Temple |     94 |     70 |     24 |      0 |     59 |   1 |   94.0 |
               +--------+--------+--------+--------+--------+-----+--------+

Top non-repeatable levels by time:
     D:1: 2112 daAuts
     D:6: 1805 daAuts
     D:3: 1692 daAuts
     D:7: 1255 daAuts
     D:5: 1210 daAuts
     D:2: 1139 daAuts
     D:4: 934 daAuts
  Temple: 94 daAuts
     D:8: 65 daAuts
